 Dungeon Crawl Stone Soup version 0.29.0-4-gdea44cf6ec (webtiles) character file.

Game seed: 15653197108090349865

193 qw the Chopper (level 5, 0/30 HPs)
             Began as a Tengu Warper on Aug 28, 2022.
             Slain by a gnoll
             ... wielding a +0 halberd
              (3 damage)
             ... on level 3 of the Dungeon.
             The game lasted 00:01:09 (3300 turns).

qw the Chopper (Tengu Warper)                       Turns: 3300, Time: 00:01:10

Health: 0/30       AC:  6    Str: 13    XL:     5   Next: 72%
Magic:  9/9        EV: 11    Int: 14    God:
Gold:   203        SH:  0    Dex: 13    Spells: 8/8 levels left

rFire   . . .      SeeInvis .   a - +1 hand axe (freeze)
rCold   . . .      Faith    .   (no shield)
rNeg    . . .      Spirit   .   h - +0 scale mail
rPois   .          Reflect  .   (helmet restricted)
rElec   .          Harm     .   (no cloak)
rCorr   .          Rampage  .   (no gloves)
Will    .....                   (boots unavailable)
Stlth   ..........              (no amulet)
HPRegen 0.10/turn               (no ring)
MPRegen 0.11/turn               (no ring)

@: flying quickly and evasively, quick
A: beak, talons 3, nimble flight
a: no special abilities


You were on level 3 of the Dungeon.
You visited 1 branch of the dungeon, and saw 3 of its levels.

You collected 203 gold pieces.


Innate Abilities, Weirdness & Mutations

You have a beak for a mouth.
You have claws for feet.
Your magical nature lets you fly swiftly and evasively.


   Skills:
 - Level 2.0 Fighting
 + Level 6.3 Axes
 - Level 1.0 Throwing
 - Level 1.1 Armour
 - Level 2.1 Dodging
 - Level 2.0 Spellcasting
 - Level 2.4 Translocations


You had 8 spell levels left.
You didn't know any spells.
Your spell library contained the following spells:

 Spells                   Type           Power      Damage    Failure   Level
 Blink                    Tloc           16%        N/A       54%         2
 Gell's Gravitas          Tloc           8%         N/A       78%         3
 Lesser Beckoning         Tloc           8%         N/A       78%         3
 Teleport Other           Tloc           8%         N/A       78%         3
 Manifold Assault         Tloc           8%         N/A       100%        5

Inventory:

Hand Weapons
 a - a +1 hand axe of freezing (weapon)
 k - the +12 hammer of Green Judgement {drain, rPois rF+ rCorr}
   (You found it on level 3 of the Dungeon)

   A truly terrible weapon, it drains the life of any living foe it strikes.
   rF:        It protects you from fire.
   rPois:     It protects you from poison.
   rCorr:     It protects you from acid and corrosion.
Armour
 c - a +0 chain mail
 e - a +0 plate armour
 h - a +0 scale mail (worn)
Jewellery
 j - the ring "Wuexto" {EV+4 Stlth+}
   (You found it on level 3 of the Dungeon)

   [ring of evasion]

   EV:        It affects your evasion (+4).
   Stlth:     It makes you more stealthy.
Scrolls
 d - a scroll of silence {unknown}
 f - a scroll of noise {unknown}
 i - a scroll of identify {unknown}
Potions
 b - a potion of mutation {unknown}
 g - a potion of brilliance {unknown}

Dungeon Overview and Level Annotations

Branches:
Dungeon (3/15)

Altars:

Annotations:
D:3 1 runed translucent door, Crazy Yiuf


Message History

There is an open door here.
You reach down and open the door.
A hobgoblin comes into view.
The hobgoblin shouts!
You hit the hobgoblin. You freeze the hobgoblin. You claw the hobgoblin.
You kill the hobgoblin!
There is an open door here.
Found an escape hatch in the floor.
Enter note:
There is an open door here.
You reach down and open the door.
There is an open door here.
Things that are here:
2 stones; a potion of invisibility
There is an open door here.
There is an open door here. 3 gnolls come into view.
The gnoll shouts! x3
A gnoll comes into view. It is wielding a +0 flail.
The gnoll moves out of view.
Enter note:
3295 ||| Stepping ~*~*~tactically~*~*~ (stealth).
The gnoll closely misses you. The gnoll hits you with a +0 halberd!
You hit the gnoll. You freeze the gnoll. Your kick misses the gnoll.
You peck the gnoll.
The gnoll is moderately wounded.
The gnoll hits you with a +0 halberd!
You barely miss the gnoll. You claw the gnoll, but do no damage.
Your peck misses the gnoll.
The gnoll is moderately wounded.
You barely miss the gnoll. You claw the gnoll. Your peck misses the gnoll.
The gnoll is heavily wounded.
You hit the gnoll but do no damage. The gnoll barely misses you.
The gnoll hits you with a +0 flail!
You barely miss the gnoll. Your kick misses the gnoll.
The gnoll is heavily wounded.
You hit the gnoll. You freeze the gnoll. The gnoll hits you with a +0 halberd.
You die...

#))#...#))# #..
#))#..)#))# ###
#))#####)## ###)))))))#
.########### #.#
#.#....#####
#.###.#.#.......
#.######.#.........####
#...gg@....#.##.....#
#.###g##.###.......##
........# ######.##
g##...#.# #.# #...#.#
#.# #.. #.# ##+# #.#
#.# ##...## #. #.#
##.....## . ..#
##.......##


You could see 3 gnolls.

Vanquished Creatures
  An orc priest (D:3)
  3 orc wizards (D:3)
  3 adders
  3 dart slugs
  4 orcs (D:3)
  2 ball pythons (D:2)
  4 bats
  9 endoplasms
  2 giant cockroaches
  4 hobgoblins
  3 jackals (D:2)
  4 kobolds
  A quokka (D:2)
  2 frilled lizards
  4 goblins
  A rat (D:2)
50 creatures vanquished.

Vanquished Creatures (others)
  A plant (D:1)
1 creature vanquished.

Grand Total: 51 creatures vanquished

Notes
Turn   | Place    | Note
-------+----------+-------------------------------------------
     0 | D:1      | qw the Tengu Warper began the quest for the Orb.
     0 | D:1      | Reached XP level 1. HP: 12/12 MP: 4/4
     0 | D:1      | 0 ||| qw: Version: 0.1-a-89-g26bdef1
     0 | D:1      | 0 ||| qw: Game counter: 2596
     0 | D:1      | 0 ||| qw: Always use a shield: true
     0 | D:1      | 0 ||| qw: God list: Okawaru
     0 | D:1      | 0 ||| qw: Allow faded altars: false
     0 | D:1      | 0 ||| qw: Do Orc after D:15 true
     0 | D:1      | 0 ||| qw: Do second Lair branch before Depths: true
     0 | D:1      | 0 ||| qw: Lair rune preference: random
     0 | D:1      | 0 ||| qw: Plans: Normal
     0 | D:1      | 0 ||| PLANNING D:1-11
   272 | D:1      | Reached XP level 2. HP: 15/17 MP: 6/6
   301 | D:1      | Found a faded altar of an unknown god.
   323 | D:1      | Reached skill level 3 in Axes
   602 | D:1      | 602 ||| UPGRADING to +0 ring mail.
   612 | D:1      | 612 ||| DROPPING +0 leather armour.
   613 | D:1      | 613 ||| DROPPING +6 ring of intelligence.
   614 | D:1      | 614 ||| READING scroll labelled TEAQEPN JUSAGHUHA.
   615 | D:1      | 615 ||| READING scroll labelled YDOIVU GIMA.
   616 | D:1      | 616 ||| DRINKING 4 emerald potions.
   617 | D:1      | 617 ||| DROPPING scroll of blinking.
   618 | D:1      | 618 ||| Stepping randomly (stuck).
   619 | D:1      | 619 ||| Stepping ~*~*~tactically~*~*~ (cloud).
   620 | D:1      | 620 ||| DRINKING 3 potions of curing.
   620 | D:1      | 620 ||| (to cure poison)
   621 | D:1      | 621 ||| Stepping randomly (stuck).
   622 | D:1      | 622 ||| Stepping ~*~*~tactically~*~*~ (cloud).
   623 | D:1      | 623 ||| DRINKING 2 potions of curing.
   623 | D:1      | 623 ||| (to cure poison)
   781 | D:2      | 781 ||| Stepping ~*~*~tactically~*~*~ (stealth).
   784 | D:2      | 784 ||| Stepping ~*~*~tactically~*~*~ (stealth).
   851 | D:2      | 851 ||| FLEEEEING.
   852 | D:2      | 852 ||| FLEEEEING.
   853 | D:2      | 853 ||| FLEEEEING.
   854 | D:2      | 854 ||| FLEEEEING.
   855 | D:2      | 855 ||| FLEEEEING.
   856 | D:2      | 856 ||| FLEEEEING.
   857 | D:2      | 857 ||| FLEEEEING.
   858 | D:2      | 858 ||| FLEEEEING.
   859 | D:2      | 859 ||| FLEEEEING.
   860 | D:2      | 860 ||| FLEEEEING.
   861 | D:2      | 861 ||| FLEEEEING.
   862 | D:2      | 862 ||| FLEEEEING.
   863 | D:2      | 863 ||| FLEEEEING.
   864 | D:2      | 864 ||| FLEEEEING.
   865 | D:2      | 865 ||| FLEEEEING.
   866 | D:2      | 866 ||| FLEEEEING.
   867 | D:2      | 867 ||| FLEEEEING.
   868 | D:2      | 868 ||| FLEEEEING.
   869 | D:2      | 869 ||| FLEEEEING.
   870 | D:2      | 870 ||| FLEEEEING.
   871 | D:2      | 871 ||| FLEEEEING.
   872 | D:2      | 872 ||| FLEEEEING.
   873 | D:2      | 873 ||| FLEEEEING.
   874 | D:2      | 874 ||| FLEEEEING.
   875 | D:2      | 875 ||| FLEEEEING.
   882 | D:2      | Reached XP level 3. HP: 17/21 MP: 7/7
  1252 | D:2      | Reached skill level 4 in Axes
  1336 | D:2      | 1336 ||| Stepping ~*~*~tactically~*~*~ (hiding).
  1686 | D:2      | 1686 ||| UPGRADING to +0 scale mail.
  1696 | D:2      | 1696 ||| DROPPING +0 ring mail.
  1697 | D:2      | 1697 ||| READING 3 scrolls labelled TIROOFR ITREGH.
  1698 | D:2      | 1698 ||| READING scroll labelled IMPUOS GYLIAD.
  1703 | D:2      | 1703 ||| DRINKING 3 fuming dark potions.
  1704 | D:2      | 1704 ||| DRINKING 2 gluggy blue potions.
  1808 | D:2      | 1808 ||| DROPPING 2 scrolls of immolation.
  1809 | D:2      | 1809 ||| DROPPING potion of berserk rage.
  1959 | D:3      | Reached XP level 4. HP: 26/26 MP: 8/8
  1978 | D:3      | 1978 ||| Stepping ~*~*~tactically~*~*~ (stealth).
  1979 | D:3      | 1979 ||| Stepping ~*~*~tactically~*~*~ (hiding).
  1982 | D:3      | 1982 ||| Stepping ~*~*~tactically~*~*~ (hiding).
  1983 | D:3      | 1983 ||| Stepping ~*~*~tactically~*~*~ (hiding).
  1987 | D:3      | 1987 ||| FLEEEEING.
  1988 | D:3      | 1988 ||| FLEEEEING.
  1989 | D:3      | 1989 ||| FLEEEEING.
  1991 | D:3      | 1991 ||| FLEEEEING.
  1992 | D:3      | 1992 ||| FLEEEEING.
  1993 | D:3      | 1993 ||| DRINKING potion of curing.
  1993 | D:3      | 1993 ||| (to cure confusion)
  2003 | D:3      | Reached skill level 5 in Axes
  2005 | D:3      | HP: 5/26 [something (2)]
  2006 | D:3      | HP: 2/26 [something/puff of flame (3)]
  2008 | D:3      | 2008 ||| DRINKING 2 potions of heal wounds.
  2214 | D:3      | 2214 ||| Stepping ~*~*~tactically~*~*~ (hiding).
  2358 | D:3      | Gained mutation: Your magical nature lets you fly swiftly
                  | and evasively. [Tengu growth]
  2358 | D:3      | Reached XP level 5. HP: 30/30 MP: 9/9
  2479 | D:3      | Found a runed translucent door.
  2482 | D:3      | Identified the +12 hammer of Green Judgement {drain, rPois
                  | rF+ rCorr}
  2484 | D:3      | 2484 ||| DROPPING +0 club.
  2485 | D:3      | 2485 ||| DROPPING +0 hammer.
  2488 | D:3      | 2488 ||| DROPPING +1 hammer of protection.
  2494 | D:3      | 2494 ||| DROPPING +1 antimagic hammer.
  2495 | D:3      | Identified the +9 hammer of Anxiety {holy, Dex+3}
  2497 | D:3      | 2497 ||| DROPPING +9 hammer of Anxiety {holy, Dex+3}.
  2498 | D:3      | Noticed Crazy Yiuf
  2499 | D:3      | Identified the +6 hammer "Gouruutu" {vorpal, Str+3}
  2501 | D:3      | 2501 ||| DROPPING +6 hammer "Gouruutu" {vorpal, Str+3}.
  2506 | D:3      | 2506 ||| DROPPING +2 hammer of holy wrath.
  2511 | D:3      | 2511 ||| DROPPING +0 hammer of draining.
  2522 | D:3      | 2522 ||| DROPPING +2 hammer of protection.
  2611 | D:3      | 2611 ||| Stepping ~*~*~tactically~*~*~ (hiding).
  2626 | D:3      | Reached skill level 6 in Axes
  2633 | D:3      | HP: 6/30 [orc wizard/+0 dagger (4)]
  2634 | D:3      | 2634 ||| DRINKING potion of heal wounds.
  2717 | D:3      | 2717 ||| SWAPPING to +1 hand axe of freezing.
  2718 | D:3      | 2718 ||| DROPPING +0 hand axe.
  2726 | D:3      | Identified the ring "Wuexto" {EV+4 Stlth+}
  2782 | D:3      | 2782 ||| Stepping ~*~*~tactically~*~*~ (stealth).
  3295 | D:3      | 3295 ||| Stepping ~*~*~tactically~*~*~ (stealth).
  3299 | D:3      | HP: 3/30 [gnoll/+0 flail (10)]
  3300 | D:3      | Slain by a gnoll

Levels and vault maps discovered:
D:1:      dpeg_arrival_boxes_within_box, layout_basic,
          dreamdust_ecumenical_altar_grove
D:2:      layout_basic
D:3:      layout_loops_corners, grunt_ministairs_8, small_statue_intersection,
          minivault_25, uniq_crazy_yiuf_cottage

Skill      XL: |  1  2  3  4  5 |
---------------+----------------+-----
Axes           | 3 4 5 6 |  6.3
Fighting       | |  2.0
Throwing       | |  1.0
Armour         | |  1.1
Dodging        | |  2.1
Spellcasting   | |  2.0
Translocations | |  2.4

Action                   |  1- 3 |  4- 6 || total
-------------------------+-------+-------++-------
Melee: Hand axe          |    75 |    69 ||   144
       Kick              |    18 |    15 ||    33
       Peck              |     9 |     8 ||    17
Throw: Boomerang         |     7 |       ||     7
  Use: Potion            |     5 |     3 ||     8
       Scroll            |     4 |       ||     4
Armor: Leather armour    |     1 |       ||     1
       Ring mail         |    15 |       ||    15
       Scale mail        |     5 |    31 ||    36
Dodge: Dodged            |    31 |    32 ||    63

Table legend:
 A = Non-vault XP
 B = Vault XP
 C = Vault XP percentage of total XP
 D = Non-vault monster count
 E = Vault monster count
 F = Vault count percentage of total count
                 A         B        C        D         E       F
            +---------+---------+-------+---------+---------+-------
      Total |     273 |       3 |   1.1 |      48 |       2 |   4.0
            +---------+---------+-------+---------+---------+-------
        D:1 |      14 |       0 |   0.0 |       7 |       0 |   0.0
        D:2 |      64 |       0 |   0.0 |      22 |       0 |   0.0
        D:3 |     195 |       3 |   1.5 |      19 |       2 |   9.5
            +---------+---------+-------+---------+---------+-------
